 Dungeon Crawl Stone Soup version 0.14.1-24-gbdbe590 (webtiles) character file.

318833 Gorice the Spry (level 22, -17/142 HPs)
             Began as a Kobold Artificer on Apr 24, 2014.
             Was the Champion of Dithmenos.
             Demolished by Mennas
             ... wielding a +3,+3 eudemon blade of holy wrath
              (23 damage)
             ... on Level 3 of the Vaults on June 23, 2014.
             The game lasted 12:45:24 (59169 turns).

Gorice the Spry (Kobold Artificer)                 Turns: 59169, Time: 12:45:25

HP -17/142       AC 20     Str 24      XL: 22   Next: 38%
MP  37/37        EV 28     Int 26      God: Dithmenos [******]
Gold 1210        SH  0     Dex 15      Spells:  6 memorised, 18 levels left

rFire  + . .     SeeInvis +     a - +2,+6 cutlass of the Mushroom {speed, Str+4 Dex-2 Int+2}
rCold  . . .     Clarity  .     s - +5 leather armour "Duikk" {Acc+5 Dam+6}
rNeg   + . .     Conserve .     (no shield)
rPois  .         rCorr    .     t - +2 helmet "Kukaonu" {Int+3 Stlth Curse}
rElec  .         rRot     .     U - +0 cloak
SustAb . .       Spirit   .     q - +3 pair of gauntlets of War {Acc+5 Dam+5}
rMut   .         Warding  +     y - +1 pair of boots of the Soldier {Str+5 Int+4}
Saprov + + .     Stasis   .     r - amulet "Qymor" {Ward +Fly Int+1 SInv}
MR     +....                    e - ring of protection from fire
                                w - ring of invisibility

@: repel missiles, very slightly contaminated, hasted, very quick, somewhat
resistant to hostile enchantments, extraordinarily stealthy
A: disease resistance, carnivore 3, mutation resistance 1, saprovore 2, strong 1
a: Evoke Invisibility, Evoke Flight
}: 2/15 runes: decaying, serpentine


You were on level 3 of the Vaults.
You worshipped Dithmenos.
Dithmenos was exalted by your worship.
You were full.

You visited 7 branches of the dungeon, and saw 42 of its levels.
You visited 1 bazaar.
You also visited: Labyrinth, Ice Cave, Volcano and Wizlab.

You collected 4233 gold pieces.
You spent 3023 gold pieces at shops.

Inventory:

Hand weapons
 a - the +2,+6 cutlass of the Mushroom (weapon) {speed, Str+4 Dex-2 Int+2}
   (You acquired it on level 7 of the Lair of Beasts)

   Attacks with this weapon are significantly faster.
   It affects your strength (+4).
   It affects your intelligence (+2).
   It affects your dexterity (-2).
 d - a +2,+2 dagger of electrocution
 B - a +0 blowgun
Missiles
 C - 20 curare-tipped needles
Armour
 q - the +3 pair of gauntlets of War (worn) {Acc+5 Dam+5}
   (You found it on level 14 of the Dungeon)

   It affects your accuracy with ranged weapons and melee attacks (+5).
   It affects your damage with ranged weapons and melee attacks (+5).
 s - the +5 leather armour "Duikk" (worn) {Acc+5 Dam+6}
   (You bought it in a shop on level 3 of the Orcish Mines)

   It affects your accuracy with ranged weapons and melee attacks (+5).
   It affects your damage with ranged weapons and melee attacks (+6).
 t - the +2 helmet "Kukaonu" (worn) {Int+3 Stlth Curse}
   (You acquired it on level 1 of the Lair of Beasts)

   It affects your intelligence (+3).
   It may recurse itself when equipped.
   It makes you more stealthy.
 y - the cursed +1 pair of boots of the Soldier (worn) {Str+5 Int+4}
   (You found it on level 2 of the Vaults)

   It affects your strength (+5).
   It affects your intelligence (+4).
   It has a curse placed upon it.
 U - a +0 cloak (worn)
Magical devices
 b - a wand of cold (12)
 c - a wand of enslavement (14)
 h - a wand of heal wounds (8)
 j - a wand of fire (2)
 x - a wand of digging (7)
 J - a wand of paralysis (10)
 V - a wand of disintegration (7)
Comestibles
 f - 5 meat rations
 K - 2 chunks of centaur flesh
 P - a sausage
Scrolls
 i - 2 scrolls of blinking
 n - 4 scrolls of fog
 o - 2 scrolls of fear
 A - a scroll of enchant weapon III {unknown}
 I - a scroll of identify
 W - 4 scrolls of teleportation
Jewellery
 e - a ring of protection from fire (right hand)
 g - an uncursed ring of wizardry
 k - an uncursed ring of ice
 m - an uncursed ring of sustain abilities
 r - the amulet "Qymor" (around neck) {Ward +Fly Int+1 SInv}
   (You bought it in a shop in a bazaar)

   [amulet of warding]

   It affects your intelligence (+1).
   It enhances your eyesight.
   It lets you fly.
 u - an uncursed ring of protection from fire
 v - an uncursed ring of protection from cold
 w - a ring of invisibility (left hand)
 G - a +4 ring of dexterity
 H - the ring of Vymnobe {rPois EV+1}
   (You bought it in a shop on level 3 of the Orcish Mines)

   [ring of evasion]

   It affects your evasion (+1).
   It protects you from poison.
 M - the ring "Lykipir" {+/*Tele Str+3 Dex+4}
   (You found it on level 12 of the Dungeon)

   [ring of teleportation]

   It affects your strength (+3).
   It affects your dexterity (+4).
 N - an uncursed ring of positive energy
Potions
 l - a potion of brilliance
 p - 5 potions of curing
 z - 2 potions of resistance
 E - 2 potions of agility
 R - a potion of might
 T - a potion of haste
Miscellaneous
 F - a phial of floods
Rods
 L - a +4 lightning rod (11/11)
   (You found it on level 14 of the Dungeon)
 S - a +8 rod of the swarm (10/10)
   (You found it in a labyrinth)


   Skills:
 + Level 16.1 Fighting
 - Level 14.0 Short Blades
 - Level 0.6 Throwing
 - Level 7.7 Armour
 + Level 19.3 Dodging
 - Level 15.0 Stealth
 - Level 6.8 Spellcasting
 - Level 7.1 Charms
 - Level 11.8 Translocations
 - Level 4.8 Ice Magic
 - Level 6.0 Air Magic
 + Level 8.9 Invocations
 + Level 16.7 Evocations


You had 18 spell levels left.
You knew the following spells:

 Your Spells              Type           Power        Failure   Level  Hunger
a - Slow                  Hex            #.......     12%         2    None
b - Ensorcelled Hibernat  Hex/Ice        ###...       3%          2    None
F - Flight                Chrm/Air       #####.....   1%          3    None
J - Blink                 Tloc           N/A          1%          2    None
M - Repel Missiles        Chrm/Air       #####.       1%          2    None
P - Phase Shift           Tloc           ######....   1%          5    ####...


Dungeon Overview and Level Annotations

Branches:
Dungeon (15/15)            Temple (1/1) D:4             Orc (4/4) D:9
    Elf (0/3) Orc:4          Lair (8/8) D:11          Swamp (5/5) Lair:6
  Snake (5/5) Lair:4        Slime (0/6) Lair:6       Vaults (4/5) D:14
  Blade (0/1) Vaults:3     Depths (0/5) D:15
  Crypt: Vaults:2-3

Altars:
Ashenzari
Cheibriados
Dithmenos
Elyvilon
Fedhas
Kikubaaqudgha
Makhleb
Nemelex Xobeh
Okawaru
Sif Muna
Trog
Vehumet
Xom
Yredelemnul
Zin
The Shining One
Beogh
Lugonu

Shops:
D:6 *   D:8 }   D:10 *   Orc:3 [[=?%   Orc:4 :*[(   Vaults:3 (

Portals:
Bazaar: D:15
Trove: Vaults:4 (give 2 scrolls of acquirement)

Annotations:
D:6 shop: pot cure mut, /heal wounds
D:9 vpUX TrMo ghost!, Tinttamiau's ghost, experienced TrMo
D:12 vpUX: mummy and reaper vault - no loot, exclusion: 4 doors
Vaults:3 Mennas
Vaults:4 Margery


Innate Abilities, Weirdness & Mutations

You recuperate from illness quickly.
You are small and have problems with some larger weapons.
You are carnivorous and can eat meat at any time.
You can eat rotten meat.
You are somewhat resistant to further mutation.
Your muscles are strong. (Str +2)


Message History

Mennas is lightly wounded.
Your shadow hits Mennas but does no damage.
Mennas blocks your attack.
Mennas is lightly wounded.
Mennas hits you with an eudemon blade of holy wrath!
* * * LOW HITPOINT WARNING * * *
You emit a cloud of dark smoke.
Mennas hits you but does no damage.
Unknown command.
Drink which item? (? for menu, Esc to quit)
You feel much better.
Mennas hits you with an eudemon blade of holy wrath!
* * * LOW HITPOINT WARNING * * *
You emit a cloud of dark smoke.
Mennas hits you with an eudemon blade of holy wrath!
* * * LOW HITPOINT WARNING * * *
Mennas misses you.
Mennas hits you with an eudemon blade of holy wrath.
* * * LOW HITPOINT WARNING * * *
Mennas hits you with an eudemon blade of holy wrath!
You die...

######### #.......#
##############.##.##.#
#....#..#§§§.+.#.#.#(#
#######....#..#§A§.#..#>#..#
......+....#..#§@§.'.#[#.#.#
......#...##..##§§.'.##.##.#
......#.))#....#...#.......#
......#........[...####'#(####
......#...#....#...#
#..(...####
......#...##..##...#
#......##..
......#....#..#....#
#(.....'.^.
......#....#..#....#
#......##..
..%...#....#..#....#
#......####


You could see Mennas.

Vanquished Creatures
  Frederick (Vaults:4)
  Kirke (Swamp:3)
  2 draconian monks (WizLab)
  5 greater nagas (Snake:5)
  An orc warlord (Orc:4)
  A fire giant (Vaults:3)
  Donald (Snake:3)
  Wiglaf (Snake:3)
  A frost giant (Vaults:3)
  Aizul (Snake:3)
  4 vault wardens
  Gastronok (Lair:1)
  10 stone giants
  Jorgrun (Vaults:4)
  5 dire elephants
  A deep elf annihilator (Vaults:4)
  2 ettins
  2 vault guards (Vaults:3)
  8 ogre magi
  7 ironheart preservers
  8 yaktaur captains
  2 fire dragons
  A deep elf high priest (D:14)
  2 ice dragons
  17 hydras
  Fannar (Lair:3)
  A minotaur (Lab)
  Harold (Lair:5)
  14 naga warriors
  A ravenous feature mimic (Vaults:3)
  The ghost of teukkam the Covert, a powerful SpEn of Dithmenos (Orc:2)
  4 shambling mangroves
  2 monstrous demonspawn (WizLab)
  8 anacondas
  3 orc high priests (Orc:4)
  4 death yaks (Lair:7)
  2 shock serpents (Snake:3)
  A deep troll earth mage (D:14)
  5 alligators
  2 tengu warriors
  14 naga sharpshooters
  Urug (D:10)
  15 centaur warriors
  5 deep elf knights
  10 spriggans
  A catoblepas (Lair:7)
  11 skeletal warriors
  3 unseen horrors
  2 shadow wraiths
  2 hell knights
  5 naga ritualists
  A flayed ghost (Vaults:1)
  A giant orange brain (Vaults:2)
  3 salamander mystics
  5 deep trolls
  4 spriggan druids
  12 swamp dragons
  An ice statue (IceCv)
  10 orc knights
  10 ironbrand convokers
  A deep elf conjurer (Vaults:2)
  Pikel (D:7)
  A necromancer (Vaults:3)
  10 hill giants
  A phantasmal warrior (Vaults:4)
  5 orc sorcerers (Orc:4)
  3 wolf spiders
  A cyclops (shapeshifter) (Vaults:2)
  2 manticores
  3 griffons (Vaults:1)
  2 oklob plants (Lair:8)
  11 elephants
  9 cyclopes
  3 red wasps
  14 salamanders
  3 guardian serpents
  31 naga magi
  5 gargoyles
  12 spiny frogs
  9 vault sentinels
  A guardian serpent (shapeshifter) (Vaults:2)
  20 black mambas
  An item mimic (D:12)
  A black mamba (shapeshifter) (Vaults:2)
  2 feature mimics
  23 yaktaurs
  2 efreet
  A queen bee (D:12)
  4 kobold demonologists
  An elf (shapeshifter) (Vaults:1)
  3 fire drakes
  2 centaur zombies
  A jumping spider (shapeshifter) (Vaults:3)
  4 deep elf priests
  A fire drake (shapeshifter) (Vaults:1)
  2 tengu conjurers (D:14)
  5 trolls
  A wandering mushroom (Lab)
  A jumping spider (Vaults:4)
  8 komodo dragons
  4 freezing wraiths
  15 two-headed ogres
  7 giant fireflies
  13 polar bears (IceCv)
  An orange crystal statue (WizLab)
  Sonja (D:13)
  A troll (shapeshifter) (Vaults:1)
  10 giant leeches
  A centaur skeleton (D:10)
  14 blink frogs
  8 bog bodies
  40 slime creatures
  A raiju (shapeshifter) (D:14)
  5 boulder beetles
  3 basilisks
  6 baby alligators
  16 ravens
  4 brown oozes (Lair:6)
  4 sharks
  5 thorn lotuses
  5 redbacks
  A hill giant zombie (D:9)
  3 wraiths
  A water elemental (D:12)
  18 wolves
  A human (shapeshifter) (D:14)
  A wyvern (Lair:8)
  11 shadows
  Eustachio (D:6)
  7 deep elf magi
  An elephant slug (Lair:8)
  A vampire (D:13)
  49 yaks
  A fire elemental (D:14)
  Grum (Orc:3)
  2 steam dragons
  3 deep elf fighters
  13 hippogriffs
  2 hungry ghosts
  7 wargs
  31 ugly things
  30 vampire mosquitoes
  A tengu zombie (D:15)
  6 porcupines
  9 swamp drakes
  44 nagas
  23 swamp worms
  23 water moccasins
  2 sky beasts
  4 ice beasts
  4 phantoms
  A mottled dragon (D:14)
  A slave (D:7)
  31 ogres
  36 killer bees
  A black bear (D:13)
  34 orc warriors
  A boring beetle (Lair:6)
  6 centaurs
  5 giant goldfish
  2 human simulacra (Vaults:2)
  4 lava worms (D:14)
  Duvessa (D:6)
  5 big kobolds
  20 crocodiles
  18 giant frogs
  13 giant slugs
  18 insubstantial wisps
  A deep troll simulacrum (Vaults:3)
  2 cyclops skeletons
  4 scorpions
  An eye of draining (D:11)
  8 wights
  A troll skeleton (D:12)
  5 electric eels
  3 goliath beetles
  Dowan (D:6)
  7 big fish
  4 crimson imps
  11 hounds
  A human skeleton (D:14)
  Crazy Yiuf (D:6)
  An elf zombie (D:14)
  2 giant frog zombies
  41 orc priests
  6 human zombies (D:14)
  A lava snake (D:14)
  A giant frog skeleton (D:6)
  13 iguanas
  4 jellies
  Natasha (thrice) (D:4)
  8 worker ants
  27 orc wizards
  23 sheep
  Ijyb (D:7)
  A mummy (D:12)
  2 gnolls (D:7)
  27 adders
  A worm zombie (D:6)
  4 shadow imps
  12 white imps (Lair:3)
  36 green rats
  A giant mite (Lair:4)
  6 worms
  3 orc skeletons
  An orc zombie (D:9)
  2 giant eyeballs
  5 giant geckos
  178 orcs
  22 bats
  7 giant cockroaches
  14 goblins
  18 hobgoblins
  9 quokkas
  A ball python (D:2)
  7 giant newts
  4 giant spores
  16 jackals
  44 kobolds
  19 rats
  28 ballistomycetes
  5 plants (Lair:8)
1779 creatures vanquished.

Vanquished Creatures (collateral kills)
  A tentacled monstrosity (Swamp:4)
  A fire giant (Vaults:4)
  A hill giant (D:10)
  A polar bear (IceCv)
  3 trolls
  A catoblepas skeleton (D:14)
  A wolf (Orc:3)
  A necrophage (D:13)
  An orc warrior (Orc:4)
  3 killer bees
  4 orc priests
  A hound (D:10)
  A worker ant (D:10)
  An orc wizard (D:7)
  A human skeleton (D:14)
  A sheep (D:14)
  3 mummies
  An adder zombie (D:9)
  6 orcs
  A hobgoblin (D:6)
  A butterfly (Orc:4)
35 creatures vanquished.

Vanquished Creatures (others)
  A vault warden (Vaults:2)
  3 vampire mosquitoes
  A deep elf fighter (Vaults:1)
  A naga (Snake:5)
  2 slaves (D:7)
  2 yellow wasps
  5 spiders
  2 ice beasts (D:14)
  2 scorpions
  7 killer bees
  A goliath beetle (Vaults:4)
  7 worker ants
  A gnoll (D:7)
  4 worms
  A quokka (D:7)
  3 fungi
  A plant (Lair:8)
44 creatures vanquished.

Grand Total: 1858 creatures vanquished

Notes
Turn   | Place    | Note
--------------------------------------------------------------
     0 | D:1      | Gorice, the Kobold Artificer, began the quest for the Orb.
     0 | D:1      | Reached XP level 1. HP: 12/12 MP: 1/1
   193 | D:1      | Reached XP level 2. HP: 10/16 MP: 3/3
   659 | D:2      | Reached XP level 3. HP: 13/20 MP: 4/4
   927 | D:2      | Found a glowing golden altar of the Shining One.
   927 | D:2      | Found a bloodstained altar of Trog.
   930 | D:2      | Found a sparkling altar of Nemelex Xobeh.
  1126 | D:2      | Reached XP level 4. HP: 24/26 MP: 6/6
  2207 | D:4      | Reached XP level 5. HP: 30/30 MP: 8/8
  2259 | D:4      | Noticed Natasha
  2268 | D:4      | Killed Natasha
  2402 | D:4      | Found a staircase to the Ecumenical Temple.
  2406 | Temple   | Entered the Ecumenical Temple
  2834 | D:4      | Noticed Natasha
  2844 | D:4      | Killed Natasha
  3020 | D:4      | Reached skill level 4 in Short Blades
  3020 | D:4      | Reached XP level 6. HP: 27/36 MP: 9/9
  3040 | D:5      | Entered Level 5 of the Dungeon
  3220 | D:5      | Reached skill level 5 in Short Blades
  3232 | D:5      | Found an ancient bone altar of Kikubaaqudgha.
  3243 | D:5      | Reached XP level 7. HP: 26/41 MP: 11/11
  3369 | D:5      | Noticed an ice beast
  3405 | D:5      | Killed an ice beast
  3705 | D:5      | Reached skill level 6 in Short Blades
  3705 | D:5      | Reached skill level 5 in Stealth
  3802 | D:4      | Noticed Natasha
  3882 | D:5      | Reached skill level 5 in Dodging
  4015 | D:6      | Noticed Duvessa
  4087 | D:6      | Noticed Dowan
  4111 | D:6      | Duvessa (ally) was killed
  4111 | D:6      | Your ally died
  4113 | D:6      | Killed Dowan
  4142 | D:6      | Noticed Eustachio
  4177 | D:6      | Killed Eustachio
  4177 | D:6      | Reached XP level 8. HP: 29/48 MP: 12/12
  4479 | D:7      | Reached skill level 7 in Short Blades
  4546 | D:7      | Noticed Ijyb
  4604 | D:7      | Killed Ijyb
  4610 | D:7      | Noticed Pikel
  4651 | D:7      | Killed Pikel
  4651 | D:7      | Reached skill level 8 in Short Blades
  4708 | D:7      | Found a shimmering altar of Xom.
  4728 | D:7      | Noticed an angel
  4733 | D:7      | Found a glowing silver altar of Zin.
  4877 | D:7      | Reached XP level 9. HP: 47/53 MP: 14/14
  4883 | D:7      | Reached skill level 5 in Fighting
  5117 | D:7      | Reached skill level 9 in Short Blades
  5469 | D:7      | Found a white marble altar of Elyvilon.
  5978 | D:8      | Reached skill level 10 in Short Blades
  6518 | D:8      | Found Naybb's Gadget Shop.
  6880 | D:9      | Found a staircase to the Orcish Mines.
  6891 | D:9      | Noticed Tinttamiau's ghost (experienced TrMo)
  7040 | D:9      | Noticed a troll
  7052 | D:9      | Killed a troll
  7052 | D:9      | Reached XP level 10. HP: 59/61 MP: 6/16
  7290 | D:9      | Reached skill level 11 in Short Blades
  7309 | D:9      | Found a deep blue altar of Sif Muna.
  7310 | D:9      | Found a burning altar of Makhleb.
  7310 | D:9      | Found an iron altar of Okawaru.
  7822 | D:10     | Entered Level 10 of the Dungeon
  8001 | D:10     | Found Wad Enen's General Store.
  8013 | D:10     | Bought a +0 pair of boots for 63 gold pieces
  8013 | D:10     | Bought 2 potions of invisibility for 154 gold pieces
  8346 | D:10     | Noticed a gargoyle
  8548 | D:6      | Reached skill level 12 in Short Blades
  8724 | Temple   | Became a worshipper of Dithmenos the Shadowed
  8773 | D:4      | Killed Natasha
  8899 | D:6      | Paralysed by a giant eyeball for 2 turns
  8904 | D:6      | Paralysed by a giant eyeball for 4 turns
  8913 | D:6      | Found a glowing golden altar of the Shining One.
  8922 | D:6      | Found Cryzusasua's Hallowed Reliquary.
  8922 | D:6      | Noticed an angel
  9038 | D:6      | Noticed Crazy Yiuf
  9050 | D:6      | Killed Crazy Yiuf
  9581 | D:10     | Noticed Urug
  9681 | D:10     | Noticed a hill giant
  9689 | D:10     | a gargoyle (ally) was killed
  9693 | D:10     | Killed a hill giant
  9759 | D:10     | Noticed a hill giant
  9868 | D:10     | Killed a hill giant
  9868 | D:10     | Reached XP level 11. HP: 66/68 MP: 17/17
 10071 | D:11     | Reached skill level 10 in Stealth
 10460 | D:11     | Found a staircase to the Lair.
 10502 | D:10     | Reached skill level 13 in Short Blades
 10596 | D:10     | Upgraded the game from 0.14.0-25-g43f8a4e to 0.14.0-26-g1682e81
 10779 | D:11     | Noticed a hill giant
 11322 | Orc:1    | Entered Level 1 of the Orcish Mines
 11322 | Orc:1    | Noticed an orc knight
 12171 | D:12     | Got a slimy wooden ring
 12186 | D:12     | Noticed a naga warrior
 12192 | D:12     | Noticed a hill giant
 12192 | D:12     | Noticed a hill giant
 12251 | D:12     | Killed a hill giant
 12361 | D:12     | Killed a hill giant
 12361 | D:12     | Reached skill level 14 in Short Blades
 12382 | D:12     | Acquired Dithmenos' first power
 12722 | D:12     | Noticed a hill giant
 12725 | D:12     | Killed a hill giant
 12725 | D:12     | Reached skill level 10 in Dodging
 12836 | D:12     | Noticed a centaur warrior
 13107 | D:12     | Noticed a hill giant
 13107 | D:12     | Noticed a reaper
 13107 | D:12     | Noticed a reaper
 13107 | D:12     | Noticed a reaper
 13107 | D:12     | Noticed a reaper
 13220 | D:12     | Killed a hill giant
 13220 | D:12     | Reached XP level 12. HP: 73/76 MP: 18/18
 14657 | Temple   | Learned a level 2 spell: Slow
 15111 | D:11     | Killed a hill giant
 15461 | Lair:1   | Entered Level 1 of the Lair of Beasts
 15477 | Lair:1   | Noticed an eight-headed hydra
 15510 | Lair:1   | Got a jewelled war axe
 15626 | Lair:1   | Found a dark tunnel.
 15646 | Volcano  | Entered a volcano
 15830 | Lair:1   | Identified the +9,+10 war axe "Oczor" {chop, +Inv rN+ SInv} (You found it on level 1 of the Lair of Beasts)
 16154 | Lair:1   | Noticed Gastronok
 16161 | Lair:1   | Killed Gastronok
 16223 | Lair:1   | Killed an eight-headed hydra
 17354 | D:6      | Acquired Dithmenos' second power
 18421 | Lair:2   | Reached skill level 10 in Evocations
 18740 | Lair:1   | Identified a scroll of acquirement
 18741 | Lair:1   | Got a distressingly furry helmet
 18745 | Lair:1   | Identified the +2 helmet "Kukaonu" {Int+3 Stlth Curse} (You acquired it on level 1 of the Lair of Beasts)
 18748 | Lair:1   | Identified the ring "Lykipir" {+/*Tele Str+3 Dex+4} (You found it on level 12 of the Dungeon)
 18855 | Lair:3   | Reached XP level 13. HP: 80/80 MP: 26/26
 18999 | Lair:3   | Found a frozen archway.
 19004 | Lair:3   | Acquired Dithmenos' third power
 19075 | IceCv    | Entered an ice cave
 20404 | IceCv    | Noticed a frost giant
 20840 | Lair:3   | Noticed Fannar
 20881 | Lair:3   | Killed Fannar
 21725 | Lair:1   | Gained mutation: Your muscles are strong. (Str +2) [potion of beneficial mutation]
 21815 | Lair:4   | Found a staircase to the Snake Pit.
 21822 | Lair:4   | Reached skill level 15 in Evocations
 22018 | Lair:4   | Acquired Dithmenos' fourth power
 22044 | Lair:4   | Found a labyrinth entrance.
 22072 | Lab      | Entered a labyrinth
 22355 | Lab      | Noticed a minotaur
 22360 | Lab      | Killed a minotaur
 22378 | Lab      | Got a smoking hand axe
 22380 | Lab      | Identified the +0,+3 hand axe "Qeomee" {venom, rC+ rN+} (You found it in a labyrinth)
 22393 | Lab      | Got a polished plate armour
 22407 | Lab      | Identified the +1 plate armour of Wasted Space {rElec rN+} (You found it in a labyrinth)
 22440 | Lair:4   | Identified a +8 rod of the swarm (10/10) (You found it in a labyrinth)
 22945 | Lair:4   | Reached skill level 10 in Fighting
 22945 | Lair:4   | Reached XP level 14. HP: 88/88 MP: 31/31
 23869 | Lair:5   | Noticed Harold
 23887 | Lair:5   | Killed Harold
 24261 | D:6      | Bought a wand of heal wounds (8) for 936 gold pieces
 24857 | Lair:6   | Reached skill level 1 in Armour
 25090 | Lair:6   | Found a staircase to the Swamp.
 25339 | Lair:6   | Found a staircase to the Slime Pits.
 27247 | Lair:7   | Reached XP level 15. HP: 83/95 MP: 32/32
 27441 | Lair:7   | Got a crude cutlass
 27442 | Lair:7   | Identified the +2,+6 cutlass of the Mushroom {speed, Str+4 Dex-2 Int+2} (You acquired it on level 7 of the Lair of Beasts)
 27950 | Lair:8   | Entered Level 8 of the Lair of Beasts
 29053 | Lair:8   | Reached skill level 15 in Dodging
 29218 | Lair:8   | Reached skill level 5 in Armour
 29235 | Lair:8   | Got a heavily runed buckler
 29239 | Lair:8   | Identified the -6 buckler "Todofy" {rPois Int+3} (You found it on level 8 of the Lair of Beasts)
 29738 | Lair:1   | Learned a level 2 spell: Blink
 29741 | Lair:1   | Learned a level 2 spell: Repel Missiles
 29870 | D:10     | Killed Urug
 30108 | D:12     | Noticed a reaper
 30149 | D:12     | Noticed a cyclops
 30149 | D:12     | Noticed a cyclops
 30150 | D:12     | Found an iron altar of Okawaru.
 30151 | D:12     | Found an iron altar of Okawaru.
 30154 | D:12     | Killed a cyclops
 30154 | D:12     | Reached skill level 1 in Translocations
 30164 | D:12     | Killed a cyclops
 30168 | D:12     | Killed a naga warrior
 30195 | D:12     | Killed a centaur warrior
 30217 | D:12     | Got a polished ring mail
 30412 | Lair:1   | Identified the +3 ring mail "Coebo" {Stlth++} (You found it on level 12 of the Dungeon)
 30573 | D:13     | Noticed Sonja
 30638 | D:13     | Killed Sonja
 30877 | D:13     | Noticed a centaur warrior
 30885 | D:13     | Killed a centaur warrior
 31101 | D:13     | Found a sparkling altar of Nemelex Xobeh.
 31360 | D:14     | Found a gate to the Vaults.
 31634 | D:14     | Found an ancient bone altar of Kikubaaqudgha.
 32122 | D:14     | Reached XP level 16. HP: 103/103 MP: 31/32
 33372 | D:14     | Got a pair of bloodstained gloves
 33376 | D:14     | Identified the +0 pair of gloves of Context {Int+4 Dam+5} (You found it on level 14 of the Dungeon)
 33553 | Lair:1   | Learned a level 2 spell: Ensorcelled Hibernation
 33991 | Orc:1    | Killed an orc knight
 34208 | Orc:1    | Found a bloodstained altar of Trog.
 34985 | Orc:2    | Noticed teukkam's ghost (powerful SpEn)
 35118 | Orc:3    | Noticed Grum
 35119 | Orc:3    | Found Gizizaf's Antique Armour Shop.
 35151 | Orc:3    | Killed Grum
 35308 | Orc:3    | Bought a crude robe for 114 gold pieces
 35308 | Orc:3    | Bought a slimy leather armour for 140 gold pieces
 35426 | Lair:1   | Identified the +1 leather armour of Distant Shores {SInv} (You bought it in a shop on level 3 of the Orcish Mines)
 35432 | Lair:1   | Identified the +2 robe of Conscience {Dex-3 Int-3} (You bought it in a shop on level 3 of the Orcish Mines)
 35515 | Lair:1   | Reached skill level 5 in Translocations
 35621 | Orc:4    | Entered Level 4 of the Orcish Mines
 35709 | Orc:4    | Found a roughly hewn altar of Beogh.
 35761 | Orc:3    | Found Wukhih's Magic Scroll Boutique.
 35761 | Orc:3    | Found Cleel's Armour Shoppe.
 35811 | Orc:3    | Bought the +5 leather armour "Duikk" {Acc+5 Dam+6} for 697 gold pieces
 35863 | Orc:3    | Found Shiaph's Jewellery Shoppe.
 35891 | Orc:3    | Found Chu Thra's Food Shoppe.
 36356 | Orc:2    | Killed teukkam's ghost
 36497 | Orc:4    | Found a staircase to the Elven Halls.
 37352 | Orc:4    | Reached skill level 16 in Dodging
 37771 | Orc:4    | Paralysed by an orc sorcerer for 2 turns
 38007 | Orc:4    | Found Shrosch's Antique Armour Boutique.
 38008 | Orc:4    | Found Muamn's Antique Weapon Boutique.
 38010 | Orc:4    | Found Preklam's General Store.
 38010 | Orc:4    | Found Kudunwid's Book Shop.
 38376 | D:15     | Entered Level 15 of the Dungeon
 38513 | D:15     | Reached skill level 1 in Charms
 38525 | D:15     | Found a staircase to the Depths.
 38527 | D:15     | Reached skill level 1 in Spellcasting
 38979 | D:15     | Reached XP level 17. HP: 108/108 MP: 30/33
 39017 | D:15     | Found a gateway to a bazaar.
 39441 | Orc:3    | Bought the ring of Vymnobe {rPois EV+1} for 255 gold pieces
 39564 | Lair:1   | Learned a level 3 spell: Flight
 39668 | Snake:1  | Entered Level 1 of the Snake Pit
 39682 | Snake:1  | Got a glittering golden ring
 39709 | Snake:1  | Reached skill level 1 in Air Magic
 40195 | Lair:4   | Identified the ring "Ymize" {rF+ Str+2 Dam-3} (You found it on level 1 of the Snake Pit)
 41107 | Snake:3  | Noticed Aizul
 41119 | Snake:3  | Killed Aizul
 41119 | Snake:3  | Reached skill level 5 in Charms
 41190 | Snake:3  | Noticed Wiglaf
 41202 | Snake:3  | Killed Wiglaf
 41357 | Snake:3  | Noticed Donald
 41359 | Snake:3  | Killed Donald
 41863 | Snake:4  | Got a brightly glowing silver ring
 41892 | Snake:4  | Found an iron altar of Okawaru.
 42191 | Snake:4  | Reached skill level 5 in Air Magic
 43292 | Lair:4   | Identified the ring of Elitism {+Fly Dex-3 Int+4} (You found it on level 4 of the Snake Pit)
 43596 | Lair:1   | Learned a level 5 spell: Phase Shift
 43750 | Swamp:1  | Entered Level 1 of the Swamp
 44128 | Swamp:1  | Reached skill level 5 in Spellcasting
 44951 | Swamp:2  | Reached XP level 18. HP: 110/113 MP: 31/34
 46037 | Swamp:3  | Noticed Kirke
 46089 | Swamp:3  | Killed Kirke
 46830 | Swamp:4  | Noticed a tentacled monstrosity
 47002 | Swamp:4  | Killed a tentacled monstrosity
 47243 | Swamp:5  | Entered Level 5 of the Swamp
 47250 | Swamp:5  | Reached skill level 10 in Translocations
 47888 | Swamp:5  | Got a decaying rune of Zot
 48673 | Snake:5  | Entered Level 5 of the Snake Pit
 49364 | Snake:5  | Reached XP level 19. HP: 120/120 MP: 35/35
 49623 | Snake:5  | Reached skill level 17 in Dodging
 50661 | Snake:5  | Reached skill level 1 in Invocations
 51193 | Snake:5  | Got a serpentine rune of Zot
 51775 | Vaults:1 | Entered Level 1 of the Vaults
 51868 | Vaults:1 | Found a flickering gateway to a bazaar.
 51874 | Bazaar   | Entered a bazaar
 51878 | Bazaar   | Found Punueffaupt's Jewellery Boutique.
 51896 | Bazaar   | Found Kaomp's Weapon Emporium.
 51913 | Bazaar   | Found Megrahigg's Magic Scroll Boutique.
 51933 | Bazaar   | Found Useebboq's Antique Weapon Shoppe.
 51955 | Bazaar   | Bought the amulet "Qymor" {Ward +Fly Int+1 SInv} for 364 gold pieces
 51955 | Bazaar   | Bought an uncursed ring of protection from cold for 300 gold pieces
 52128 | Vaults:1 | Found a magical portal.
 52133 | WizLab   | Entered a wizard's laboratory
 53117 | D:14     | Gained mutation: You are somewhat resistant to further mutation. [potion of beneficial mutation]
 53261 | Vaults:1 | Reached skill level 18 in Dodging
 53410 | Vaults:1 | Reached XP level 20. HP: 99/128 MP: 34/35
 53641 | Vaults:1 | Reached skill level 5 in Invocations
 54188 | Vaults:2 | Reached skill level 15 in Fighting
 54697 | Vaults:2 | Reached skill level 15 in Stealth
 55174 | Vaults:2 | Got a pair of twisted boots
 55178 | Vaults:2 | Identified the cursed +1 pair of boots of the Soldier {Str+5 Int+4} (You found it on level 2 of the Vaults)
 56214 | D:14     | Reached XP level 21. HP: 135/135 MP: 36/36
 56479 | Vaults:3 | Found a staircase to the Crypt.
 56987 | Vaults:3 | Found a staircase to the Hall of Blades.
 57013 | Vaults:3 | Reached XP level 22. HP: 111/141 MP: 30/37
 57099 | Vaults:3 | Reached skill level 19 in Dodging
 57311 | Vaults:3 | Found Cuam Igu's Antique Weapon Emporium.
 57900 | Vaults:4 | Noticed Frederick
 57909 | Vaults:4 | Killed Frederick
 58046 | Vaults:4 | Found a portal to a secret trove of treasure.
 58338 | Vaults:4 | Noticed Jorgrun
 58360 | Vaults:4 | Killed Jorgrun
 58428 | Vaults:4 | Upgraded the game from 0.14.0-26-g1682e81 to 0.14.1
 58428 | Vaults:4 | Upgraded the game from 0.14.1 to 0.14.1-24-gbdbe590
 59062 | Vaults:4 | Noticed Mennas
 59103 | Vaults:4 | Noticed Margery
 59167 | Vaults:3 | HP: 6/142 [Mennas/eudemon blade of holy wrath (8)]
 59169 | Vaults:3 | Demolished by Mennas

Action                   |  1- 3 |  4- 6 |  7- 9 | 10-12 | 13-15 | 16-18 | 19-21 | 22-24 || total
-------------------------+-------+-------+-------+-------+-------+-------+-------+-------++-------
Melee: Short sword       |   110 |   176 |    93 |   423 |   712 |    16 |       |       ||  1530
       Cutlass           |       |       |   196 |   666 |   454 |  1683 |  1504 |   251 ||  4754
       Dagger            |       |       |     1 |   133 |   386 |   221 |       |    14 ||   755
       War axe           |       |       |       |       |    24 |       |       |       ||    24
 Fire: Blowgun           |       |    24 |    91 |    86 |     4 |       |       |       ||   205
       Sling             |       |       |       |     5 |       |       |       |       ||     5
Throw: Dart              |    28 |    54 |    46 |    12 |     4 |       |       |       ||   144
       Tomahawk          |    20 |     5 |     7 |     2 |       |       |       |       ||    34
 Cast: Repel Missiles    |       |       |       |       |     1 |     6 |    10 |     2 ||    19
       Flight            |       |       |       |       |       |   106 |       |     1 ||   107
       Blink             |       |       |       |       |       |     1 |     1 |     1 ||     3
       Phase Shift       |       |       |       |       |       |     2 |    57 |    10 ||    69
       Ensorcelled Hiber |       |       |       |       |       |       |     1 |     1 ||     2
Invok: Shadow Step       |       |       |       |       |     3 |     3 |     9 |     3 ||    18
 Abil: Evoke Invisibilit |       |       |       |     8 |    38 |    28 |    12 |     4 ||    90
       Evoke Teleportati |       |       |       |       |     1 |     3 |       |     1 ||     5
       Evoke Flight      |       |       |       |       |       |       |     1 |       ||     1
Evoke: Wand              |       |     4 |    44 |    28 |    14 |     5 |     1 |       ||    96
       Rod               |       |       |       |       |     4 |    10 |       |     5 ||    19
  Use: Scroll            |       |     9 |     8 |    18 |    10 |     7 |     4 |     3 ||    59
       Potion            |       |       |     3 |    10 |     7 |     2 |     3 |     3 ||    28
 Stab: Sleeping          |     3 |     4 |     5 |    54 |   206 |   209 |    51 |    30 ||   562
       Paralysed         |       |     1 |       |       |       |       |       |       ||     1
       Confused          |       |       |     1 |       |       |       |       |       ||     1
       Distracted        |       |       |       |    10 |     7 |    30 |     6 |     1 ||    54
       Invisible         |       |       |       |     9 |    42 |    56 |    41 |     6 ||   154
